| TOP OF THE 1ST |
|
Oakland Athletics batting - Pitching for Houston Astros : LHP Framber Valdez
|
|
Pitching: LHP Framber Valdez
|
|
|
Batting: RHB Jordan Westburg
|
0-0: Called Strike 0-1: Ball 1-1: Ball 2-1: Called Strike 2-2: Strikes out looking
|
|
Batting: LHB Kyle Tucker
|
0-0: Ball 1-0: Swinging Strike 1-1: Fly out, F4 (Line Drive, 4, EV 72.5 MPH)
|
|
Batting: RHB Royce Lewis
|
0-0: Called Strike 0-1: SINGLE (Line Drive, 34D, EV 95.6 MPH)
|
|
Batting: RHB Elehuris Montero
|
0-0: Ball 1-0: Foul Ball, location: 3F 1-1: Foul Ball, location: 3DF 1-2: Foul Ball, location: 25F 1-2: Strikes out swinging
|
| Top of the 1st over - 0 runs, 1 hit, 0 errors, 1 left on base; Oakland 0 - Houston 0 |
| BOTTOM OF THE 1ST |
|
Houston Astros batting - Pitching for Oakland Athletics : LHP Nick Lodolo
|
|
Pitching: LHP Nick Lodolo
|
|
|
Batting: LHB Steven Kwan
|
0-0: Fly out, F7 (Flyball, 78M, EV 92.5 MPH)
|
|
Batting: RHB Ha-seong Kim
|
0-0: Ball 1-0: Ball 2-0: Reached on error, E6 (Groundball, 6, EV 98.8 MPH)
|
|
Batting: RHB Tom Murphy
|
0-0: Called Strike 0-1: Swinging Strike 0-2: Strikes out swinging
|
|
Batting: LHB Yordan Alvarez
|
0-0: Fielders Choice at 2nd, U6 (Groundball, 4MD, EV 96.9 MPH)
|
| Bottom of the 1st over - 0 runs, 0 hits, 1 error, 1 left on base; Oakland 0 - Houston 0 |
| TOP OF THE 2ND |
|
Oakland Athletics batting - Pitching for Houston Astros : LHP Framber Valdez
|
|
Batting: RHB Jose Siri
|
0-0: Fly out, F8 (Flyball, 8LD, EV 83.8 MPH)
|
|
Batting: RHB Pedro Leon
|
0-0: Ball 1-0: Called Strike 1-1: Foul Ball, location: 2LF 1-2: Ball 2-2: Strikes out swinging
|
|
Batting: RHB Giovanny Urshela
|
0-0: Ball 1-0: Swinging Strike 1-1: Swinging Strike 1-2: Ball 2-2: Foul Ball, location: 2F 2-2: Ball 3-2: Strikes out swinging
|
| Top of the 2nd over - 0 runs, 0 hits, 0 errors, 0 left on base; Oakland 0 - Houston 0 |
| BOTTOM OF THE 2ND |
|
Houston Astros batting - Pitching for Oakland Athletics : LHP Nick Lodolo
|
|
Batting: RHB Christian Walker
|
0-0: Called Strike 0-1: Foul Ball, location: 2F 0-2: Ball 1-2: Strikes out swinging, 2-3 out at first.
|
|
Batting: LHB Lars Nootbaar
|
0-0: Foul Ball, location: 7LDF 0-1: Ball 1-1: Called Strike 1-2: Strikes out swinging
|
|
Batting: RHB Luis Urias
|
0-0: Foul Ball, location: 2F 0-1: Called Strike 0-2: Foul Ball, location: 2F 0-2: Foul Ball, location: 2RF 0-2: Ball 1-2: Ball 2-2: Foul Ball, location: 9LSF 2-2: Foul Ball, location: 23FF 2-2: SINGLE (Line Drive, 9S, EV 109.4 MPH)
|
|
Batting: RHB Joseph Ortiz
|
0-0: Ball 1-0: Called Strike 1-1: SINGLE (Groundball, 56D, EV 93.8 MPH) Luis Urias to second
|
|
Batting: LHB Alek Thomas
|
0-0: Foul Ball, location: 2F 0-1: Swinging Strike 0-2: Foul Ball, location: 2F 0-2: Ball 1-2: Fly out, F7 (Flyball, 7S, EV 94.4 MPH)
|
| Bottom of the 2nd over - 0 runs, 2 hits, 0 errors, 2 left on base; Oakland 0 - Houston 0 |
| TOP OF THE 3RD |
|
Oakland Athletics batting - Pitching for Houston Astros : LHP Framber Valdez
|
|
Batting: RHB Tim Anderson
|
0-0: Ball 1-0: Called Strike 1-1: Called Strike 1-2: Hit by Pitch
|
|
Batting: RHB Nick Fortes
|
0-0: Fielders Choice at 2nd, 6-4 (Groundball, 6S, EV 86.3 MPH)
|
|
Batting: RHB Jordan Westburg
|
0-0: Called Strike 0-1: Called Strike 0-2: Ball Pickoff Throw by Catcher to First - Error! E2 Nick Fortes to second 1-2: Ball 2-2: Fly out, F6 (Line Drive, 6D, EV 70.0 MPH)
|
|
Batting: LHB Kyle Tucker
|
0-0: Called Strike 0-1: Ball 1-1: Ball 2-1: Ball 3-1: Swinging Strike 3-2: Base on Balls
|
|
Batting: RHB Royce Lewis
|
0-0: Foul Ball, location: 9LSF 0-1: Called Strike 0-2: Ball 1-2: Strikes out swinging
|
| Top of the 3rd over - 0 runs, 0 hits, 1 error, 2 left on base; Oakland 0 - Houston 0 |
| BOTTOM OF THE 3RD |
|
Houston Astros batting - Pitching for Oakland Athletics : LHP Nick Lodolo
|
|
Batting: LHB Steven Kwan
|
0-0: Ball 1-0: Called Strike 1-1: Ground out 6-3 (Groundball, 6, EV 90.6 MPH)
|
|
Batting: RHB Ha-seong Kim
|
0-0: Hit by Pitch
|
|
Batting: RHB Tom Murphy
|
0-0: Ball 1-0: Called Strike 1-1: Foul Ball, location: 25F 1-2: Grounds into double play, 5-4-3 (Groundball, 5L, EV 91.3 MPH)
|
| Bottom of the 3rd over - 0 runs, 0 hits, 0 errors, 0 left on base; Oakland 0 - Houston 0 |
| TOP OF THE 4TH |
|
Oakland Athletics batting - Pitching for Houston Astros : LHP Framber Valdez
|
|
Batting: RHB Elehuris Montero
|
0-0: Called Strike 0-1: Ball 1-1: Ball 2-1: Swinging Strike 2-2: Foul Ball, location: 2F 2-2: Ground out U3 (Groundball, 3, EV 106.9 MPH)
|
|
Batting: RHB Jose Siri
|
0-0: Foul Ball, location: 2F 0-1: Ball 1-1: Swinging Strike 1-2: Ground out 4-3 (Groundball, 4, EV 91.3 MPH)
|
|
Batting: RHB Pedro Leon
|
0-0: Ball 1-0: Ground out 4-3 (Groundball, 34, EV 102.5 MPH)
|
| Top of the 4th over - 0 runs, 0 hits, 0 errors, 0 left on base; Oakland 0 - Houston 0 |
| BOTTOM OF THE 4TH |
|
Houston Astros batting - Pitching for Oakland Athletics : LHP Nick Lodolo
|
|
Batting: LHB Yordan Alvarez
|
0-0: Fly out, F9 (Flyball, 9S, EV 90.6 MPH)
|
|
Batting: RHB Christian Walker
|
0-0: Ball 1-0: Foul Ball, location: 25F 1-1: Ball 2-1: Swinging Strike 2-2: Ball 3-2: Foul Ball, location: 9LSF 3-2: Strikes out looking
|
|
Batting: LHB Lars Nootbaar
|
0-0: Foul Ball, location: 5FF 0-1: Ball 1-1: Ground out 4-3 (Groundball, 4D, EV 110.6 MPH)
|
| Bottom of the 4th over - 0 runs, 0 hits, 0 errors, 0 left on base; Oakland 0 - Houston 0 |
| TOP OF THE 5TH |
|
Oakland Athletics batting - Pitching for Houston Astros : LHP Framber Valdez
|
|
Batting: RHB Giovanny Urshela
|
0-0: Ball 1-0: Foul Ball, location: 3FF 1-1: Swinging Strike 1-2: Strikes out swinging
|
|
Batting: RHB Tim Anderson
|
0-0: Ball 1-0: Called Strike 1-1: Fly out, F3 (Line Drive, 3L, EV 65.0 MPH)
|
|
Batting: RHB Nick Fortes
|
0-0: Ball 1-0: Ball 2-0: SINGLE (Line Drive, 7S, EV 95.0 MPH)
|
|
Batting: RHB Jordan Westburg
|
0-0: Ball 1-0: SINGLE (Groundball, 4MD, EV 101.9 MPH) Nick Fortes to second Runner from 2nd tries for 3rd, SAFE, throw by CF made to third Jordan Westburg to second
|
|
Batting: LHB Kyle Tucker
|
0-0: Called Strike 0-1: Ball 1-1: Swinging Strike 1-2: Ball 2-2: Foul Ball, location: 9LDF 2-2: Ball 3-2: Base on Balls
|
|
Batting: RHB Royce Lewis
|
0-0: Ball 1-0: Called Strike 1-1: Foul Ball, location: 2F 1-2: SINGLE (Line Drive, 6MD, EV 94.4 MPH) Nick Fortes scores Jordan Westburg to third Kyle Tucker to second Runner from 3rd tries for Home, SAFE, throw by CF to home
|
|
Batting: RHB Elehuris Montero
|
0-0: Fly out, F7 (Line Drive, 7, EV 96.3 MPH)
|
| Top of the 5th over - 2 runs, 3 hits, 0 errors, 2 left on base; Oakland 2 - Houston 0 |
| BOTTOM OF THE 5TH |
|
Houston Astros batting - Pitching for Oakland Athletics : LHP Nick Lodolo
|
|
Batting: RHB Luis Urias
|
0-0: Called Strike 0-1: Ball 1-1: Ball 2-1: Fly out, F8 (Line Drive, 8RS, EV 93.1 MPH)
|
|
Batting: RHB Joseph Ortiz
|
0-0: Ball 1-0: Swinging Strike 1-1: Ball 2-1: Foul Ball, location: 9LMFF 2-2: Foul Ball, location: 2F 2-2: Strikes out looking
|
|
Batting: LHB Alek Thomas
|
0-0: Fly out, F6 (Popup, 6S, EV 81.9 MPH)
|
| Bottom of the 5th over - 0 runs, 0 hits, 0 errors, 0 left on base; Oakland 2 - Houston 0 |
| TOP OF THE 6TH |
|
Oakland Athletics batting - Pitching for Houston Astros : LHP Framber Valdez
|
|
Batting: RHB Jose Siri
|
0-0: Foul Ball, location: 9LDF 0-1: Ball 1-1: Called Strike 1-2: Ground out 6-3 (Groundball, 6, EV 110.6 MPH)
|
|
Pitching: RHP Andrew Kittredge
|
|
|
Batting: RHB Pedro Leon
|
0-0: Ball 1-0: Ball 2-0: Swinging Strike 2-1: SINGLE (Groundball, 6MD, EV 98.1 MPH)
|
|
Batting: RHB Giovanny Urshela
|
0-0: Ball 1-0: Foul Ball, location: 2F 1-1: Called Strike 1-2: Ball 2-2: Foul Ball, location: 23FF 2-2: Grounds into double play, 6-4-3 (Groundball, 6, EV 86.3 MPH)
|
| Top of the 6th over - 0 runs, 1 hit, 0 errors, 0 left on base; Oakland 2 - Houston 0 |
| BOTTOM OF THE 6TH |
|
Houston Astros batting - Pitching for Oakland Athletics : LHP Nick Lodolo
|
|
Batting: LHB Steven Kwan
|
0-0: Ball 1-0: Called Strike 1-1: Ground out 6-3 (Groundball, 6, EV 88.1 MPH)
|
|
Batting: RHB Ha-seong Kim
|
0-0: Called Strike 0-1: Ball 1-1: Fly out, F8 (Flyball, 8LXD, EV 104.4 MPH)
|
|
Batting: RHB Tom Murphy
|
0-0: Called Strike 0-1: Ball 1-1: Ball 2-1: SINGLE (Line Drive, 78S, EV 98.8 MPH)
|
|
Batting: LHB Yordan Alvarez
|
0-0: Called Strike 0-1: Foul Ball, location: 2F 0-2: Strikes out looking
|
| Bottom of the 6th over - 0 runs, 1 hit, 0 errors, 1 left on base; Oakland 2 - Houston 0 |
| TOP OF THE 7TH |
|
Oakland Athletics batting - Pitching for Houston Astros : RHP Andrew Kittredge
|
|
Batting: RHB Tim Anderson
|
0-0: Called Strike 0-1: Swinging Strike 0-2: Ball 1-2: Ball 2-2: Strikes out swinging
|
|
Batting: RHB Nick Fortes
|
0-0: Swinging Strike 0-1: Ground out 5-3 (Groundball, 56, EV 93.1 MPH)
|
|
Batting: RHB Jordan Westburg
|
0-0: Ball 1-0: Ball 2-0: Ground out 6-3 (Groundball, 6S, EV 64.4 MPH)
|
| Top of the 7th over - 0 runs, 0 hits, 0 errors, 0 left on base; Oakland 2 - Houston 0 |
| BOTTOM OF THE 7TH |
|
Houston Astros batting - Pitching for Oakland Athletics : LHP Nick Lodolo
|
|
Batting: RHB Christian Walker
|
0-0: Foul Ball, location: 5F 0-1: Ball 1-1: Foul Ball, location: 7LSF 1-2: Fly out, F8 (Flyball, 8RM, EV 80.0 MPH)
|
|
Pitching: RHP Jordan Hicks
|
|
|
Batting: LHB Lars Nootbaar
|
0-0: Called Strike 0-1: Swinging Strike 0-2: Ball 1-2: Ball 2-2: Ball 3-2: Fly out, F9 (Flyball, 89S, EV 87.5 MPH)
|
|
Batting: RHB Luis Urias
|
0-0: Ball 1-0: SINGLE (Line Drive, 8LS, EV 96.9 MPH)
|
|
Batting: RHB Joseph Ortiz
|
0-0: Called Strike 0-1: Called Strike 0-2: Ball 1-2: Foul Ball, location: 5DF 1-2: TRIPLE (Line Drive, 89XD, EV 110.6 MPH) Luis Urias scores
|
|
Batting: LHB Alek Thomas
|
0-0: Ball Wild Pitch! Joseph Ortiz scores 1-0: Foul Ball, location: 9LDF 1-1: Ball 2-1: Fly out, F6 (Popup, P, EV 86.9 MPH)
|
| Bottom of the 7th over - 2 runs, 2 hits, 0 errors, 0 left on base; Oakland 2 - Houston 2 |
| TOP OF THE 8TH |
|
Oakland Athletics batting - Pitching for Houston Astros : RHP Andrew Kittredge
|
|
Batting: LHB Kyle Tucker
|
0-0: Ball 1-0: Ground out U3 (Groundball, 3, EV 110.6 MPH)
|
|
Batting: LHB Joc Pederson
|
0-0: Foul Ball, location: 2F 0-1: Ball 1-1: Ball 2-1: Ground out 4-3 (Groundball, 4, EV 87.5 MPH)
|
|
Batting: RHB Elehuris Montero
|
0-0: Ball 1-0: SINGLE (Groundball, 6MD, EV 102.5 MPH)
|
|
Pitching: RHP Paul Sewald
|
|
|
Pinch Hitting: LHB Josh Lowe
|
0-0: Ball 1-0: Foul Ball, location: 2F 1-1: Foul Ball, location: 7LMF 1-2: Fly out, F6 (Popup, 6M, EV 59.4 MPH)
|
| Top of the 8th over - 0 runs, 1 hit, 0 errors, 1 left on base; Oakland 2 - Houston 2 |
| BOTTOM OF THE 8TH |
|
Houston Astros batting - Pitching for Oakland Athletics : RHP Jordan Hicks
|
|
Now in LF: Josh Lowe
|
|
|
Now in CF: Pedro Leon
|
|
|
Batting: LHB Steven Kwan
|
0-0: Foul Ball, location: 23F 0-1: Called Strike 0-2: Ball 1-2: Strikes out swinging
|
|
Batting: RHB Ha-seong Kim
|
0-0: Called Strike 0-1: Ball 1-1: Ball 2-1: Ball 3-1: Base on Balls
|
|
Pitching: LHP Lucas Luetge
|
|
|
Batting: RHB Tom Murphy
|
0-0: Called Strike 0-1: Ball 1-1: Called Strike 1-2: Ball Ha-seong Kim steals 2nd base 2-2: Strikes out swinging
|
|
Batting: LHB Yordan Alvarez
|
0-0: Ball 1-0: Called Strike 1-1: Ball 2-1: SINGLE (Line Drive, 9LS, EV 90.0 MPH) Ha-seong Kim to third Runner from 3rd tries for Home, SAFE, throw by RF to home
|
|
Batting: RHB Christian Walker
|
0-0: Called Strike 0-1: Ball 1-1: Fly out, F7 (Flyball, 78S, EV 96.3 MPH)
|
| Bottom of the 8th over - 1 run, 1 hit, 0 errors, 1 left on base; Oakland 2 - Houston 3 |
| TOP OF THE 9TH |
|
Oakland Athletics batting - Pitching for Houston Astros : RHP Paul Sewald
|
|
Pitching: RHP Hunter Harvey
|
|
|
Batting: RHB Pedro Leon
|
0-0: Ball 1-0: Called Strike 1-1: Foul Ball, location: 2F 1-2: Ball 2-2: Strikes out swinging
|
|
Batting: RHB Giovanny Urshela
|
0-0: Ball 1-0: Swinging Strike 1-1: Ground out 1-3 (Groundball, 23, EV 63.1 MPH)
|
|
Pinch Hitting: LHB Michael Massey
|
0-0: Called Strike 0-1: Foul Ball, location: 25F 0-2: Foul Ball, location: 23FF 0-2: Foul Ball, location: 3FF 0-2: Foul Ball, location: 7LSF 0-2: Fly out, F9 (Flyball, 9D, EV 105.6 MPH)
|
| Top of the 9th over - 0 runs, 0 hits, 0 errors, 0 left on base; Oakland 2 - Houston 3 |
|